 Dungeon Crawl Stone Soup version 0.21.1-1-g345015fe64 (webtiles) character file.

15308 PikkenKukken the Unseen (level 12, -1/55 HPs)
             Began as a Spriggan Enchanter on June 9, 2018.
             Was an Initiate of Gozag.
             Slain by a redback (7 damage)
             ... on level 2 of the Lair of Beasts.
             The game lasted 01:23:18 (17783 turns).

PikkenKukken the Unseen (Spriggan Enchanter)       Turns: 17783, Time: 01:23:18

Health: -1/55      AC:  4    Str:  6    XL:     12   Next: 0%
Magic:  24/27      EV: 27    Int: 18    God:    Gozag
Gold:   1854       SH:  0    Dex: 18    Spells: 13/31 levels left

rFire    . . .     SeeInvis +   a - +2 dagger
rCold    . . .     Gourm    .   (shield restricted)
rNeg     . . .     Faith    .   j - +2 robe {Archmagi}
rPois    .         Spirit   .   (helmet restricted)
rElec    .         Reflect  .   (no cloak)
rCorr    .         Harm     .   (gloves unavailable)
MR       +++..                  (boots unavailable)
Stlth    ++++++....             D - amulet of magic regeneration
HPRegen  0.18/turn              I - ring of wizardry
MPRegen  0.45/turn              K - ring of protection from magic

@: lethally poisoned (-1 -> -41), berserk cooldown, slowed, quick
A: very small, unfitting armour, see invisible, herbivore, speed 3, slow
metabolism 2
a: Potion Petition, Call Merchant, Bribe Branch, Renounce Religion


You were on level 2 of the Lair of Beasts.
You worshipped Gozag.
Gozag was most pleased with you.
You were not hungry.

You visited 3 branches of the dungeon, and saw 13 of its levels.

You collected 1929 gold pieces.
You paid 75 gold pieces to Gozag.

Inventory:

Hand Weapons
 a - a +2 dagger (weapon)
 b - a +0 blowgun
 A - a +0 short sword of venom
Missiles
 f - 68 bolts
 B - 33 poisoned needles
Armour
 j - a +2 robe of the Archmagi (worn)
 q - a scarf of spirit shield
Jewellery
 i - an uncursed ring of fire
 r - an uncursed ring of protection from fire
 t - an uncursed amulet of harm
 D - an amulet of magic regeneration (around neck)
 I - a ring of wizardry (left hand)
 K - a ring of protection from magic (right hand)
 L - a +3 ring of protection
Wands
 e - a wand of clouds (8)
 m - a wand of polymorph (27)
 n - a wand of disintegration (16)
 u - a wand of random effects (70)
 y - a wand of flame (24)
 C - a wand of digging (8)
 J - a wand of iceblast (9)
Scrolls
 k - 6 scrolls of amnesia
 s - 3 scrolls of enchant armour
 z - 2 scrolls of remove curse
 E - a scroll of teleportation
 F - 2 scrolls of fear
 G - a scroll of magic mapping
 H - a scroll of immolation {unknown}
Potions
 h - 4 potions of curing
 o - 2 potions of haste
 v - 3 potions of heal wounds
 w - 4 potions of ambrosia
Books
 c - a book of Maledictions

   Spells                             Type                      Level
   a - Corona                         Hexes                        1
   b - Ensorcelled Hibernation        Hexes/Ice                    2
   c - Confuse                        Hexes                        3
   d - Tukima's Dance                 Hexes                        3
   e - Dazzling Spray                 Conjuration/Hexes            3
 l - a book of Callings

   Spells                             Type                      Level
   a - Summon Small Mammal            Summoning                    1
   b - Call Imp                       Summoning                    2
   c - Call Canine Familiar           Summoning                    3
   d - Summon Guardian Golem          Hexes/Summoning              3
   e - Summon Lightning Spire         Summoning/Air                4
   f - Summon Ice Beast               Ice/Summoning                4
 p - a book of Air

   Spells                             Type                      Level
   a - Shock                          Conjuration/Air              1
   b - Swiftness                      Charms/Air                   2
   c - Static Discharge               Conjuration/Air              3
   d - Airstrike                      Air                          4
   e - Lightning Bolt                 Conjuration/Air              5
Comestibles
 d - 8 rations


   Skills:
 + Level 2.3 Fighting
 * Level 7.9 Short Blades
 * Level 10.4 Dodging
 + Level 15.5 Stealth
 + Level 10.4 Spellcasting
 + Level 9.9 Hexes
 * Level 1.5 Summonings
 + Level 4.5 Ice Magic
 * Level 1.7 Air Magic


You had 13 spell levels left.
You knew the following spells:

 Your Spells              Type           Power        Failure   Level  Hunger
a - Corona                Hex            ######.      1%          1    None
b - Ensorcelled Hibernat  Hex/Ice        ######       1%          2    None
c - Confuse               Hex            ######..     1%          3    None
d - Call Imp              Summ           ###.....     2%          2    None
e - Tukima's Dance        Hex            ######..     1%          3    None
f - Dazzling Spray        Conj/Hex       #####.       1%          3    None
g - Summon Lightning Spi  Summ/Air       ###.....     16%         4    ###....


Dungeon Overview and Level Annotations

Branches:
Dungeon (10/15)            Temple (1/1) D:6            Lair (2/6) D:9
    Orc (0/2) D:9
  Swamp: Lair:2-4    Shoals: Lair:2-4     Snake: Lair:2-4    Spider: Lair:2-4

Altars:
Ashenzari
Cheibriados
Dithmenos
Elyvilon
Fedhas
Gozag
Hepliaklqana
Kikubaaqudgha
Makhleb
Nemelex Xobeh
Okawaru
Qazlal
Ru
Sif Muna
Trog
Uskayaw
Vehumet
Wu Jian
Xom
Yredelemnul
Zin
The Shining One

Annotations:
D:9 2 transporters
D:10 Snorg


Innate Abilities, Weirdness & Mutations

You are very small and have problems with some larger weapons.
You are too small for most types of armour.
You have supernaturally acute eyesight. (SInv)
You are a herbivore.
You cover ground extremely quickly.
You need consume almost no food.


Message History

The jumping spider leaps!
The redback bites you!
Casting: Dazzling Spray
Confirm with . or Enter, or press ? or * to list all spells.
Aiming: Dazzling Spray
Press: ? - help, Shift-Dir - straight line, f/p - redback
Aim: a redback (moderately wounded, clinging)
You feel a surge of power!
The spray of energy misses the redback.
The spray of energy hits the redback.
The redback is heavily wounded.
The redback bites you!
* * * LOW HITPOINT WARNING * * *
The redback bites you.
* * * LOW HITPOINT WARNING * * *
You are lethally poisoned!
The redback poisons you!
The jumping spider leaps! x2
* * * LOW HITPOINT WARNING * * *
You feel very sick. The redback bites you!
You die...
Your body crumbles into a pile of gold.

..[≈ ##.#.....## #.... ##..#
####.#..## ##.... #...## #.##..P#
#..... ##.s.# #.# #..## #.....
#....## #.# ##..## #..... #P....#
## ##...P# ##.... #.P...######
#....## #...[
##).$.#....###.ss.P## #....
#.......5.§...s@...### #....
##........##'#+.#.....# #....
#..##+...##...s.##....## ##....
#........##.....##.....#####.....
#.........#......#.....#.........
.#.....).#...⌠..##...............
...##..⌠..#.....#..⌠..##.........
..........#.....#.....#..>.......
....##.......⌠.......#...........


You could see 2 jumping spiders, 2 redbacks and a friendly crimson imp.

Vanquished Creatures
  The ghost of
  359359 the Grappler, a journeyman DrTm of Dithmenos (Lair:1)
  A hydra (D:9)
  3 two-headed ogres
  Pikel (D:4)
  Joseph (D:7)
  2 black mambas
  3 spiny frogs (Lair:2)
  4 komodo dragons (Lair:2)
  2 jumping spiders (Lair:2)
  2 trolls
  3 hippogriffs
  A redback (Lair:2)
  A basilisk (Lair:2)
  A hungry ghost (D:9)
  8 porcupines
  5 water moccasins
  2 sky beasts
  A slave (D:4)
  2 necrophages
  An orc warrior (D:9)
  2 black bears (D:6)
  A hornet zombie (D:6)
  2 ice beasts (D:8)
  7 ogres
  3 wolves
  4 centaurs
  5 crocodiles
  3 big kobolds
  4 bullfrogs
  3 scorpions
  14 killer bees
  A water moccasin skeleton (D:9)
  9 wights
  4 howler monkeys
  4 electric eels (D:9)
  2 crimson imps
  2 bullfrog zombies
  A quasit (D:8)
  6 hounds
  Crazy Yiuf (D:6)
  A gnoll shaman (D:7)
  An orc priest (D:9)
  4 bullfrog skeletons
  5 jellies
  4 orc wizards (D:9)
  2 centaur skeletons
  Terence (D:3)
  2 iguanas (D:8)
  6 worker ants
  A killer bee zombie (D:7)
  2 hound skeletons
  A howler monkey skeleton (D:6)
  9 gnolls
  11 adders
  A shadow imp (D:7)
  An adder skeleton (D:9)
  5 worms
  A dart slug (D:1)
  6 leopard geckos
  5 orcs
  2 ball pythons
  6 bats
  10 giant cockroaches
  7 goblins
  6 hobgoblins
  19 jackals
  18 kobolds
  6 quokkas
  2 frilled lizards
  A jackal skeleton (D:7)
  5 rats
274 creatures vanquished.

Vanquished Creatures (collateral kills)
  Sigmund (D:6)
  An ogre (D:6)
  2 orcs
  2 kobolds (D:9)
6 creatures vanquished.

Vanquished Creatures (others)
  3 dancing weapons
  A fungus (Lair:1)
4 creatures vanquished.

Grand Total: 284 creatures vanquished

Notes
Turn   | Place    | Note
-------+----------+-------------------------------------------
     0 | D:1      | PikkenKukken the Spriggan Enchanter began the quest for the Orb.
     0 | D:1      | Reached XP level 1. HP: 9/9 MP: 5/5
   150 | D:1      | Reached XP level 2. HP: 2/13 MP: 7/7
   422 | D:1      | Learned a level 2 spell: Ensorcelled Hibernation
  1298 | D:1      | Reached skill level 5 in Stealth
  1818 | D:2      | Reached XP level 3. HP: 16/16 MP: 8/8
  1908 | D:2      | Found a faded altar of an unknown god.
  2484 | D:2      | Found a sacrificial altar of Ru.
  2492 | D:2      | Reached skill level 6 in Stealth
  2551 | D:2      | Reached XP level 4. HP: 21/21 MP: 9/9
  2565 | D:2      | Found a deep blue altar of Sif Muna.
  2570 | D:2      | Learned a level 3 spell: Confuse
  3547 | D:3      | Noticed Terence
  3549 | D:3      | Killed Terence
  3557 | D:2      | Reached skill level 7 in Stealth
  3557 | D:2      | Reached XP level 5. HP: 25/25 MP: 7/10
  3843 | D:3      | Found an iron altar of Okawaru.
  3905 | D:3      | Found a blossoming altar of Fedhas.
  3964 | D:3      | Reached skill level 1 in Ice Magic
  4455 | D:4      | Reached XP level 6. HP: 29/29 MP: 4/12
  4691 | D:4      | Reached skill level 8 in Stealth
  4761 | D:4      | Learned a level 2 spell: Call Imp
  5833 | D:5      | Entered Level 5 of the Dungeon
  5872 | D:5      | Noticed a water moccasin
  5874 | D:5      | Killed a water moccasin
  5874 | D:5      | Reached skill level 1 in Fighting
  5874 | D:5      | Reached XP level 7. HP: 33/33 MP: 14/14
  5921 | D:5      | Reached skill level 5 in Hexes
  5991 | D:5      | Reached skill level 9 in Stealth
  6319 | D:5      | Noticed Pikel
  6551 | D:4      | Killed Pikel
  6551 | D:4      | Reached skill level 10 in Stealth
  6551 | D:4      | Reached skill level 5 in Spellcasting
  6551 | D:4      | Reached XP level 8. HP: 37/37 MP: 13/17
  7445 | D:6      | Found a staircase to the Ecumenical Temple.
  7472 | Temple   | Entered the Ecumenical Temple
  7529 | Temple   | Became a worshipper of Gozag Ym Sagoz the Greedy
  7565 | D:6      | Reached skill level 11 in Stealth
  7572 | D:6      | Learned a level 3 spell: Tukima's Dance
  7576 | D:6      | Learned a level 3 spell: Dazzling Spray
  7857 | D:6      | Noticed Sigmund
  7873 | D:6      | Killed Sigmund
  8060 | D:6      | Found a radiant altar of Vehumet.
  8160 | D:6      | Reached XP level 9. HP: 41/41 MP: 13/20
  8498 | D:6      | Found a runed door.
  8502 | D:6      | Noticed Crazy Yiuf
  8506 | D:6      | Killed Crazy Yiuf
  8608 | D:7      | Noticed Joseph
  8939 | D:6      | Reached skill level 5 in Dodging
  8996 | D:7      | Killed Joseph
  9334 | D:7      | Reached skill level 12 in Stealth
  9755 | D:7      | Reached skill level 5 in Short Blades
  9943 | D:7      | Found an iron altar of Okawaru.
 10630 | D:8      | Reached XP level 10. HP: 46/46 MP: 16/23
 10650 | D:8      | Noticed a two-headed ogre
 10703 | D:8      | Killed a two-headed ogre
 10703 | D:8      | Reached skill level 13 in Stealth
 11031 | D:8      | Noticed a two-headed ogre
 11069 | D:8      | Killed a two-headed ogre
 12257 | D:9      | Noticed a two-headed ogre
 12280 | D:9      | Found a transporter.
 12280 | D:9      | Noticed a stone giant
 12281 | D:9      | Found a sparkling altar of Nemelex Xobeh.
 12295 | D:9      | Found a transporter.
 12618 | D:9      | Found a staircase to the Lair.
 12879 | D:9      | Noticed a two-headed ogre
 12888 | D:9      | Killed a two-headed ogre
 13531 | D:9      | Reached XP level 11. HP: 50/50 MP: 12/25
 13591 | D:9      | Found a shimmering altar of Xom.
 14085 | D:8      | Reached skill level 14 in Stealth
 14969 | D:9      | Found a staircase to the Orcish Mines.
 15078 | D:10     | Entered Level 10 of the Dungeon
 15344 | D:10     | Noticed Snorg
 15382 | Lair:1   | Entered Level 1 of the Lair of Beasts
 15383 | Lair:1   | Noticed a seven-headed hydra
 15405 | D:9      | Killed a seven-headed hydra
 15909 | Lair:1   | Noticed 359359's ghost (journeyman DrTm)
 16273 | Lair:1   | Killed 359359's ghost
 16273 | Lair:1   | Reached skill level 10 in Spellcasting
 16843 | Lair:2   | Learned a level 4 spell: Summon Lightning Spire
 17103 | Lair:2   | Reached skill level 10 in Dodging
 17106 | Lair:2   | Reached skill level 1 in Summonings
 17120 | Lair:2   | Reached skill level 15 in Stealth
 17249 | Lair:2   | Reached skill level 1 in Air Magic
 17421 | Lair:2   | Noticed a catoblepas
 17758 | Lair:2   | Reached XP level 12. HP: 55/55 MP: 22/27
 17783 | Lair:2   | Slain by a redback

Skill      XL: |  1  2  3  4  5  6  7  8  9 10 11 |
---------------+----------------------------------+-----
Spellcasting   | 3 4 5 6 8 9 10 | 10.4
Hexes          | 4 6 7 8 9 |  9.9
Stealth        | 5 6 7 8 10 11 12 13 15 | 15.5
Short Blades   | 2 3 4 5 6 7 |  7.9
Ice Magic      | 1 2 3 4 |  4.5
Fighting       | 1 2 |  2.3
Dodging        | 4 6 8 10 | 10.4
Summonings     | 1 |  1.5
Air Magic      | 1 |  1.7

Action                   |  1- 3 |  4- 6 |  7- 9 | 10-12 || total
-------------------------+-------+-------+-------+-------++-------
Melee: Dagger            |   105 |   118 |   155 |   294 ||   672
       Short sword       |       |       |       |    10 ||    10
 Fire: Blowgun           |       |       |       |    26 ||    26
Throw: Throwing net      |       |       |       |     1 ||     1
 Cast: Corona            |     4 |       |       |       ||     4
       Ensorcelled Hiber |    32 |    26 |    66 |   122 ||   246
       Confuse           |       |     2 |    25 |    41 ||    68
       Call Imp          |       |     1 |       |     2 ||     3
       Tukima's Dance    |       |       |     6 |     8 ||    14
       Dazzling Spray    |       |       |       |     5 ||     5
  Use: Potion            |     3 |     1 |     3 |     5 ||    12
       Scroll            |     3 |     4 |     5 |     9 ||    21
 Stab: Sleeping          |    21 |    37 |    49 |    83 ||   190
       Invisible         |     1 |       |       |     1 ||     2
       Paralysed         |     1 |       |       |       ||     1
       Confused          |       |     1 |    14 |    24 ||    39
       Distracted        |       |     1 |       |     1 ||     2
  Eat: Ration            |     1 |     2 |     3 |     4 ||    10
Armor: Robe              |    11 |     7 |    10 |    17 ||    45
Dodge: Dodged            |    97 |    88 |    91 |   238 ||   514
